 Dungeon Crawl Stone Soup version 0.20-a0-298-g82a587e (webtiles) character file.

454 AlphabetPasta the Conjurer (level 7, -4/46 HPs)
             Began as a Merfolk Conjurer on Dec 14, 2016.
             Slain by an orc
             ... wielding a +2 hand axe of electrocution
              (14 damage)
             ... on level 4 of the Dungeon on Dec 15, 2016.
             The game lasted 00:19:34 (4109 turns).

AlphabetPasta the Conjurer (Merfolk Conjurer)       Turns: 4109, Time: 00:19:35

Health: -4/46      AC:  2    Str:  8    XL:     7   Next: 5%
Magic:  2/12       EV: 19    Int: 17    God:
Gold:   117        SH:  4    Dex: 19    Spells: 3/13 levels left

rFire  + . .     SeeInvis .     d - +0 spear
rCold  . . .     Gourm    .     a - +0 robe
rNeg   . . .     Faith    .     (no shield)
rPois  .         Spirit   .     (no helmet)
rElec  .         Reflect  +     (no cloak)
rCorr  .         Harm     .     (no gloves)
MR     +....                    (no boots)
Stlth  +++.......               i - +4 amulet of reflection
                                n - ring of protection from fire
                                g - ring of protection from magic

@: agile, lethally poisoned (-4 -> -8)
A: change form in water, swift swim, stealthy swim
a: no special abilities


You were on level 4 of the Dungeon.
You were not hungry.

You visited 1 branch of the dungeon, and saw 4 of its levels.

You collected 117 gold pieces.

Inventory:

Hand Weapons
 d - a +0 spear (weapon)
Armour
 a - a +0 robe (worn)
Jewellery
 g - a ring of protection from magic (left hand)
 i - a +4 amulet of reflection (around neck)
 n - a ring of protection from fire (right hand)
Scrolls
 k - a scroll of remove curse
 o - a scroll of magic mapping
Potions
 j - a potion of might
Books
 b - a book of Conjurations

   Spells                             Type                      Level
   a - Magic Dart                     Conjuration                  1
   b - Searing Ray                    Conjuration                  2
   c - Dazzling Spray                 Conjuration/Hexes            3
   d - Fulminant Prism                Conjuration/Hexes            4
   e - Iskenderun's Mystic Blast      Conjuration                  4
   f - Iskenderun's Battlesphere      Conjuration/Charms           5
Comestibles
 c - 5 bread rations
 f - a beef jerky
 h - 2 meat rations
 m - 2 fruits


   Skills:
 - Level 4.7 Polearms
 + Level 3.1 Dodging
 - Level 2.1 Stealth
 + Level 3.7 Spellcasting
 * Level 5.2 Conjurations


You had 3 spell levels left.
You knew the following spells:

 Your Spells              Type           Power        Failure   Level  Hunger
a - Magic Dart            Conj           ###.         1%          1    None
b - Searing Ray           Conj           ###...       2%          2    ##.....
c - Dazzling Spray        Conj/Hex       ##....       17%         3    ###....
d - Iskenderun's Mystic   Conj           ###.....     21%         4    ####...


Dungeon Overview and Level Annotations

Branches:
Dungeon (4/15)
 Temple: D:4-7

Altars:
Elyvilon


Message History

The orc barely misses you.
You closely miss the orc.
The orc is heavily wounded.
The worker ant twitches its antennae in your direction.
You hit the orc but do no damage.
The orc is heavily wounded.
The orc hits you with a hand axe of electrocution.
You are electrocuted!
* * * LOW HITPOINT WARNING * * *
It was a potion of curing.
You feel better. The orc barely misses you.
You feel agile all of a sudden. The worker ant bites you.
* * * LOW HITPOINT WARNING * * *
You are poisoned.
The worker ant poisons you! The orc misses you.
Okay, then.
You barely miss the worker ant.
You feel sick. The worker ant completely misses you.
The orc hits you but does no damage.
You are electrocuted!
You die...

#.#........#.#'#..............รท
#.#.#.......#.#.##########......
.#.#.#......#.#.# #......
#.##.#.....#.#.# #......
##.#....#.#.# #......
##.#...#.#.# #...... ##.#..#.#.#
###.### ##.#...#o# #.# #######@#
#.# ......a.# #.# ######### #.#
#.# #.# #.#


You could see a worker ant and an orc.

Vanquished Creatures
  An ogre (D:4)
  A centaur (D:4)
  A centaur zombie (D:4)
  A centaur skeleton (D:4)
  A hound (D:4)
  An orc wizard (D:3)
  An iguana (D:4)
  A worker ant (D:4)
  5 adders (D:2)
  An ooze (D:3)
  2 worms
  A dart slug (D:3)
  5 leopard geckos
  6 orcs
  10 bats
  A giant cockroach (D:2)
  6 hobgoblins
  7 kobolds
  A ball python (D:4)
  7 frilled lizards
  7 goblins
  A quokka skeleton (D:4)
  9 rats
77 creatures vanquished.

Notes
Turn   | Place    | Note
-------+----------+-------------------------------------------
     0 | D:1      | AlphabetPasta the Merfolk Conjurer began the quest for the Orb.
     0 | D:1      | Reached XP level 1. HP: 13/13 MP: 3/3
     6 | D:1      | Noticed a swamp worm
     6 | D:1      | Noticed a hog
     6 | D:1      | Noticed a black mamba
     9 | D:1      | Noticed an iguana
     9 | D:1      | Noticed a black bear
   131 | D:1      | Reached skill level 1 in Polearms
   237 | D:1      | Reached XP level 2. HP: 18/19 MP: 0/5
   241 | D:1      | Learned a level 2 spell: Searing Ray
   585 | D:1      | Learned a level 2 spell: Searing Ray
   659 | D:1      | Reached XP level 3. HP: 24/24 MP: 3/6
   745 | D:2      | Learned a level 3 spell: Dazzling Spray
   870 | D:2      | Found a faded altar of an unknown god.
  1037 | D:2      | Reached XP level 4. HP: 21/30 MP: 3/8
  1943 | D:2      | Reached skill level 4 in Conjurations
  1947 | D:2      | Upgraded the game from 0.20-a0-296-gf222164 to 0.20-a0-298-g82a587e
  2324 | D:3      | Reached XP level 5. HP: 35/35 MP: 0/9
  2406 | D:3      | Learned a level 4 spell: Iskenderun's Mystic Blast
  2758 | D:3      | Found a white marble altar of Elyvilon.
  2912 | D:4      | Noticed an ogre
  2917 | D:4      | Killed an ogre
  2917 | D:4      | Reached XP level 6. HP: 26/41 MP: 2/10
  3839 | D:4      | Reached skill level 5 in Conjurations
  4030 | D:4      | Reached XP level 7. HP: 46/46 MP: 6/12
  4109 | D:4      | Slain by an orc

Vault maps used:
D:1:      onia_arrival_zoo_common, minmay_split_cup_large
D:2:      chequers_ecumenical_altar_simple
D:3:      minmay_misc_feat_plants, roderic_bali_sauvastika, elyvilon_altar_3
D:4:      wad_pebble_path, first_bread

Skill      XL: |  1  2  3  4  5  6 |
---------------+-------------------+-----
Polearms       | 1 2 3 4 |  4.7
Conjurations   | 4 5 |  5.2
Spellcasting   | 3 |  3.7
Dodging        | 3 |  3.1
Stealth        | |  2.1

Action                   |  1- 3 |  4- 6 |  7- 9 || total
-------------------------+-------+-------+-------++-------
Melee: Spear             |    27 |    28 |     5 ||    60
 Cast: Magic Dart        |    43 |    65 |     8 ||   116
       Searing Ray       |     3 |    14 |     1 ||    18
  Use: Scroll            |     4 |     4 |       ||     8
       Potion            |       |       |     2 ||     2
 Stab: Sleeping          |     6 |     2 |       ||     8
  Eat: Chunk             |     1 |     8 |       ||     9
       Fruit             |       |     2 |     1 ||     3
Armor: Robe              |    12 |     4 |       ||    16
Dodge: Dodged            |    20 |    28 |     8 ||    56
Block: Other             |     1 |     8 |       ||     9
       Reflection        |       |     2 |       ||     2
